 Dungeon Crawl Stone Soup version 0.30.0-29-ga12c61a403 (webtiles) character file.

Game seed: 11076870665046504542

144104 Bnni the Earth Mage (level 18, -1/140 HPs)
             Began as a Formicid Earth Elementalist on June 20, 2023.
             Was the Champion of Cheibriados.
             Slain by a demonic crawler (12 damage)
             ... on level 4 of the Spider Nest on June 21, 2023.
             The game lasted 01:34:52 (29492 turns).

Bnni the Earth Mage (Formicid Earth Elementalist)  Turns: 29492, Time: 01:34:52

Health: -1/140     AC:  4    Str: 42    XL:     18   Next: 1%
Magic:  3/33       EV: 15    Int: 40    God:    Cheibriados [******]
Gold:   2100       SH: 15    Dex: 27    Spells: 21/40 levels left

rFire   + . .        H - staff of earth
rCold   . . .        M - +0 kite shield
rNeg    . . .        C - +0 plate armour
rPois   +            (helmet unavailable)
rElec   .            K - +2 cloak
rCorr   .            g - +2 pair of gloves of Truth {Rampage Str+2 Slay+3}
SInv    +            W - +0 pair of boots
Will    ++...        Q - amulet "Konell" {Faith Contam Regen+ Str+8 Slay-4} Stlth
                     R - ring of the Lily {Fly rPois Will+ Dex-2}
HPRegen 1.23/turn    w - ring "Puemp" {rF+ EV+5 Str+2 Int+4}
MPRegen 0.23/turn

%: rampage, faith
@: corroded, flying, very slow
A: permanent stasis, dig shafts and tunnels, antennae 3, four strong arms
a: Dig, Shaft Self, Renounce Religion, Bend Time, Temporal Distortion, Slouch,
Step From Time


You were on level 4 of the Spider Nest.
You worshipped Cheibriados.
Cheibriados was exalted by your worship.
You visited 5 branches of the dungeon, and saw 27 of its levels.
You also visited: Ossuary and Gauntlet.

You collected 2947 gold pieces.
You spent 847 gold pieces at shops.

Inventory:

Hand Weapons
 a - the +5 spear of Betalus {protect, rF+ Int+3}
   (You found it on level 2 of the Dungeon)

   Int:       It affects your intelligence (+3).
   rF:        It protects you from fire.
 p - the +1 mace "Xom's Full Attention" {holy, rPois Will+ Int+7}
   (You found it on level 8 of the Dungeon)

   Int:       It affects your intelligence (+7).
   rPois:     It protects you from poison.
   Will:      It increases your willpower.
 I - a +3 spear of venom
Missiles
 n - 53 poisoned darts
Armour
 g - the +2 pair of gloves of Truth (worn) {Rampage Str+2 Slay+3}
   (You found it on level 14 of the Dungeon)

   Str:       It affects your strength (+2).
   Slay:      It affects your accuracy & damage with ranged weapons and melee
   (+3).
   Rampage:   It bestows one free step when moving towards enemies.
   Cheibriados disapproves of the use of such an item.
 C - a +0 plate armour (worn)
 K - a +2 cloak (worn)
 M - a +0 kite shield (worn)
 W - a +0 pair of boots (worn)
Magical Staves
 H - a staff of earth (weapon)
Jewellery
 o - a ring of protection from cold
 w - the ring "Puemp" (right hand) {rF+ EV+5 Str+2 Int+4}
   (You found it in a Gauntlet)

   [ring of evasion]

   EV:        It affects your evasion (+5).
   Str:       It affects your strength (+2).
   Int:       It affects your intelligence (+4).
   rF:        It protects you from fire.
 y - a ring of willpower
 Q - the amulet "Konell" (around neck) {Faith Contam Regen+ Str+8 Slay-4}
   (You found it in a Gauntlet)

   [amulet of faith]

   It allows you to gain divine favour quickly.
   Str:       It affects your strength (+8).
   Slay:      It affects your accuracy & damage with ranged weapons and melee
   (-4).
   Contam:    It causes magical contamination when unequipped.
   Regen:     It increases your rate of health regeneration.
 R - the ring of the Lily (left hand) {Fly rPois Will+ Dex-2}
   (You took it off a minotaur in a Gauntlet)

   [ring of flight]

   Dex:       It affects your dexterity (-2).
   rPois:     It protects you from poison.
   Fly:       It grants you flight.
   Will:      It increases your willpower.
 T - a ring of positive energy
 V - a ring of resist corrosion
 X - a ring of positive energy
Wands
 v - a wand of polymorph (10)
 D - a wand of roots (24)
 F - a wand of paralysis (15)
 G - a wand of mindburst (25)
 N - a wand of flame (31)
 O - a wand of digging (10)
 Y - a wand of quicksilver (2)
Scrolls
 c - 10 scrolls of amnesia
 d - 6 scrolls of vulnerability
 h - 5 scrolls of brand weapon
 i - 6 scrolls of summoning
 m - 2 scrolls of fear
 q - 6 scrolls of fog
 z - 5 scrolls of enchant weapon
 A - 6 scrolls of enchant armour
 B - 2 scrolls of poison
 J - 4 scrolls of immolation
 P - 2 scrolls of magic mapping
Potions
 b - a potion of magic
 e - 8 potions of brilliance
 f - 2 potions of heal wounds
 j - 2 potions of resistance
 k - 8 potions of attraction
 l - 8 potions of mutation
 r - 4 potions of invisibility
 s - 2 potions of lignification
 t - 8 potions of curing
 u - 5 potions of might
 E - 4 potions of flight
 S - a potion of cancellation
Miscellaneous
 x - a phantom mirror
 U - a phial of floods (inert)


   Skills:
 + Level 12.2 Fighting
 + Level 12.2 Armour
 - Level 1.7 Dodging
 - Level 2.4 Stealth
 + Level 13.2 Shields
 + Level 11.7 Spellcasting
 * Level 10.2 Conjurations
 + Level 4.9 Transmutations
 * Level 18.9 Earth Magic
 - Level 13.0 Invocations


You had 21 spell levels left.
You knew the following spells:

 Your Spells              Type           Power      Damage    Failure   Level
a - Sandblast             Erth           100%       2d20      0%          1
b - Passwall              Tmut/Erth      90%        N/A       1%          2
c - Stone Arrow           Conj/Erth      100%       3d13      1%          3
d - Petrify               Tmut/Erth      100%       N/A       1%          4
g - Animate Armour        Summ/Erth      100%       N/A       1%          4
i - Irradiate             Conj/Tmut      35%        3d23      9%          5

Your spell library contained the following spells:

 Spells                   Type           Power      Damage    Failure   Level
 Beastly Appendage        Tmut           100%       N/A       1%          1
 Kiss of Death            Conj/Necr      100%       2d13      1%          1
 Momentum Strike          Conj/Tloc      100%       3d10      1%          2
 Static Discharge         Conj/Air       100%       2-7/arc   1%          2
 Wereblood                Tmut           58%        N/A       1%          2
 Sting                    Tmut/Pois      100%       1d8       2%          1
 Apportation              Tloc           46%        N/A       8%          1
 Necrotise                Necr           92%        1d8       8%          1
 Summon Small Mammal      Summ           92%        N/A       8%          1
 Spider Form              Tmut/Pois      43%        N/A       9%          3
 Flame Wave               Conj/Fire      59%        2d14      9%          4
 Sticky Flame             Conj/Fire      59%        2d7       9%          4
 Statue Form              Tmut/Erth      72%        N/A       9%          6
 Lesser Beckoning         Tloc           46%        N/A       11%         2
 Poisonous Vapours        Pois/Air       46%        N/A       11%         2
 Scorch                   Fire           46%        2d6       11%         2
 Ignite Poison            Fire/Tmut/Pois 36%        N/A       12%         3
 Confusing Touch          Hex            23%        N/A       22%         3
 Frozen Ramparts          Ice            46%        1d7       22%         3
 Inner Flame              Hex/Fire       23%        N/A       22%         3
 Tukima's Dance           Hex            23%        N/A       22%         3
 Ice Form                 Ice/Tmut       43%        N/A       26%         4
 Blade Hands              Tmut           29%        N/A       26%         5
 Airstrike                Air            11%        2d(2-18)  58%         4
 Dispel Undead            Necr           23%        3d12      58%         4
 Manifold Assault         Tloc           23%        N/A       58%         4
 Olgreb's Toxic Radiance  Pois           23%        N/A       58%         4
 Passage of Golubria      Tloc           23%        N/A       58%         4
 Summon Ice Beast         Ice/Summ       23%        N/A       58%         4
 Summon Lightning Spire   Summ/Air       23%        N/A       58%         4
 Alistair's Intoxication  Tmut/Pois      28%        N/A       58%         5
 Yara's Violent Unravell  Hex/Tmut       21%        3d10      58%         5
 Lehudib's Crystal Spear  Conj/Erth      59%        10d14     77%         8
 Conjure Ball Lightning   Conj/Air       29%        3x3d8     80%         6
 Summon Cactus Giant      Summ           11%        N/A       100%        6
 Dragon Form              Tmut           29%        N/A       100%        7
 Storm Form               Tmut/Air       21%        N/A       100%        7
 Discord                  Hex            11%        N/A       100%        8
 Disjunction              Tloc           11%        N/A       100%        8
 Blink                    Tloc           Unusable   N/A       N/A         2

Dungeon Overview and Level Annotations

Branches:
Dungeon (15/15)            Temple (1/1) D:5            Lair (5/5) D:9
 Shoals (0/4) Lair:3       Spider (4/4) Lair:3        Slime (0/5) Lair:4
    Orc (2/2) D:10            Elf (0/3) Orc:2        Vaults (0/5) D:14
 Depths (0/4) D:15        Ossuary (visited)         Gauntlet (visited)

Altars:
Cheibriados
Elyvilon
Gozag
Hepliaklqana
Kikubaaqudgha
Makhleb
Ru
Sif Muna
Uskayaw
Vehumet
Yredelemnul
The Shining One

Shops:
D:2 (   D:7 ?   D:9 *   D:15 *   Orc:1 (   Orc:2 (*?(

Portals:
Hell: Lair:5

Annotations:
D:8 1 transporter


Innate Abilities, Weirdness & Mutations

You cannot be hasted, slowed, berserked, paralysed or teleported.
You can dig through walls and to a lower floor.
You have a pair of large antennae on your head. (SInv)
Your four strong arms can wield two-handed weapons with a shield.


Message History

* * * LOW HITPOINT WARNING * * *
Your animated plate armour hits the boulder beetle!!
Your animated plate armour hits the boulder beetle!!!
The boulder beetle dies!
Cheibriados appreciates the change of pace.
The boulder beetle leaps!
You hear a shout!
You have reached level 18!
Okay, then.
Okay, then.
Unknown command.
What are your orders? t - Shout!
Orders for allies: a - Attack new target. p - Attack previous target. r - Retreat! s - Stop attacking. g - Guard the area. f - Follow me.
Anything else - Cancel.
Gang up on whom?
Press: ? - help, Dir - move target, f - demonic crawler, p - boulder beetle
Aim: a demonic crawler (sparse dust) Attack!
The boulder beetle is no longer moving slowly.
The meliai simulacrum is caught in a web!
Your animated plate armour closely misses the demonic crawler.
Your animated plate armour hits the demonic crawler!!!
Aiming: Sandblast (safe; 0% risk of failure)
Press: ? - help, Q - select action, (/) - cycle Shift-Dir - straight line, f - meliai simulacrum, p - demonic crawler
Aim: a meliai simulacrum (entangled in a web, 100% to hit)
You feel a surge of power!
The blast of sand hits the meliai simulacrum!!
The meliai simulacrum vaporises!
The demonic crawler hits you.
* * * LOW HITPOINT WARNING * * *
The demonic crawler hits you.
* * * LOW HITPOINT WARNING * * *
You block the demonic crawler's attack. The demonic crawler closely misses you.
The demonic crawler hits you!
* * * LOW HITPOINT WARNING * * *
The demonic crawler hits you!
You die...

#..#.#..###^.^.#^.^.#
#^.^^..<....##..#....
##..#..........#..^##
###^..###[..^^..^^.#
##<.#^^..##..##..^
#^...#.#..###...#^ ##
#...#...#^..^#...#
##.)#^°...#.#^.#^.....
#...s@#.......^#^...#.
.....#☼[†B......#...###.
w.). ##..#.B#.#^#...#...
... ####..^...#.##.... #
#..#^..#..#..#.
##...#...#^..#.
###..#.##..#..
##.^#....#.. ##....#####


You could see a boulder beetle (soul bound), an entropy weaver (soul bound,
fleeing, slow), a steelbarb worm (soul bound, fleeing), a demonic crawler (ally
target) and a friendly animated plate armour (summoned, slow).

Vanquished Creatures
  A ghost moth (Lair:3)
  A broodmother (Spider:3)
  Nessos (Orc:2)
  A minotaur (Gauntlet)
  3 entropy weavers
  4 hydras
  An ogre mage (D:14)
  5 centaur warriors
  A boulder beetle (Lair:4)
  A tengu warrior (D:15)
  5 two-headed ogres
  4 death yaks (Lair:3)
  An orc high priest (Orc:2)
  Urug (D:13)
  2 skysharks
  A wretched star (Gauntlet)
  4 pharaoh ants
  A lindwurm (Lair:5)
  3 wizards
  3 orb spiders
  3 deep elf pyromancers
  Pikel (D:7)
  6 ugly things
  2 wolf spiders
  5 orc sorcerers
  2 cyclopes
  4 manticores
  Maurice (D:12)
  2 demonic crawlers
  An elephant (Lair:5)
  2 black mambas
  2 gargoyles
  3 centaur zombies (D:11)
  8 cane toads
  3 kobold demonologists
  An efreet (D:13)
  2 unseen horrors (D:11)
  A redback zombie (D:11)
  6 rime drakes
  5 komodo dragons
  An ice devil (Lair:5)
  3 hellwings
  3 meliai (Spider:4)
  2 polar bears
  7 trolls
  A hornet (D:8)
  A blink frog (Lair:5)
  7 tarantellas
  Sigmund (D:2)
  A snapping turtle (Lair:3)
  15 jumping spiders
  8 culicivoras
  A shadow (D:8)
  4 wraiths
  4 wyverns
  2 vampires
  2 basilisks (Lair:2)
  Eustachio (D:4)
  4 steam dragons
  17 yaks
  A vampire mosquito (D:14)
  A neqoxec (Gauntlet)
  A warg (shapeshifter) (D:14)
  32 redbacks
  6 wargs
  3 acid dragons
  13 water moccasins
  A hell hound (Lair:5)
  A floating eye (Lair:4)
  16 orc warriors
  2 ice beasts
  3 sky beasts
  2 black bears
  5 ogres
  5 wolves
  5 centaurs
  2 boggarts (D:15)
  A phantom (D:4)
  A lemure (D:7)
  6 kobold brigands
  16 bullfrogs
  A small abomination (Gauntlet)
  2 elf zombies (Ossuary)
  5 gnoll sergeants
  5 earth elementals (D:15)
  3 scorpions
  10 wights
  18 killer bees
  2 electric eels
  2 howler monkeys
  A crimson imp (D:12)
  3 jellies
  4 hounds
  A sleepcap (D:4)
  14 orc priests
  Jessica (D:2)
  4 iguanas
  25 orc wizards
  A boggart zombie (D:11)
  5 hell rats (Lair:2)
  A boggart skeleton (D:11)
  A hound zombie (Ossuary)
  4 mummies (Ossuary)
  Robin (D:2)
  24 gnolls
  2 adders
  7 shadow imps
  3 white imps
  2 adder zombies (Ossuary)
  4 worms
  3 dart slugs
  57 orcs
  9 ball pythons
  6 bats
  6 endoplasms
  4 giant cockroaches
  A gnoll zombie (Ossuary)
  6 hobgoblins
  6 jackals
  20 kobolds
  2 quokkas
  3 frilled lizards
  12 goblins
  A goblin zombie (Ossuary)
  A jackal zombie (Ossuary)
  3 kobold zombies (Ossuary)
  3 rats
  A rat zombie (Ossuary)
612 creatures vanquished.

Vanquished Creatures (collateral kills)
  Nikola (Spider:3)
  Arachne (Spider:4)
  Mlioglotl (Spider:1)
  Roxanne (Spider:1)
  Donald (Spider:1)
  A frost giant (D:15)
  Aizul (Spider:1)
  An orc warlord (Orc:2)
  A spark wasp (Spider:3)
  Snorg (Orc:1)
  A fire dragon (D:14)
  An entropy weaver (Spider:1)
  7 hydras
  2 catoblepae
  An ogre mage (D:15)
  A centaur warrior (D:15)
  4 two-headed ogres
  2 radroaches
  2 death yaks (Lair:4)
  2 tengu warriors
  6 boulder beetles
  A sun demon (Lair:5)
  3 pharaoh ants
  A sun moth (Spider:4)
  2 wizards
  A deep elf pyromancer (D:15)
  2 orc knights (Orc:2)
  3 steelbarb worms
  8 wolf spiders
  2 orc sorcerers
  13 ugly things
  A cyclops (D:15)
  13 elephants
  2 black mambas
  An eye of devastation (Lair:4)
  5 demonic crawlers
  2 orange demons (Lair:5)
  10 torpor snails
  A rime drake (Lair:5)
  3 ice devils (Lair:5)
  A minotaur zombie (Gauntlet)
  5 cane toads (Lair:5)
  A freezing wraith (D:15)
  A tengu conjurer (D:15)
  5 komodo dragons
  A polar bear (Lair:4)
  2 trolls (Orc:2)
  4 tarantellas
  A blink frog (Lair:4)
  A dream sheep (Lair:4)
  5 jumping spiders
  3 culicivoras
  A spriggan (Lair:4)
  15 yaks
  A steam dragon (Lair:4)
  6 basilisks
  6 redbacks
  A vampire mosquito (D:14)
  4 wargs (Orc:1)
  4 water moccasins
  2 hell hounds (Lair:5)
  11 orc warriors
  2 ogres
  2 boggarts (D:15)
  7 wolves
  5 centaurs
  5 bullfrogs (Lair:4)
  A nameless horror (Orc:1)
  3 orc priests (Orc:1)
  3 orc wizards (Orc:1)
  2 hell rats (Lair:2)
  15 orcs
239 creatures vanquished.

Vanquished Creatures (others)
  A water moccasin (Lair:5)
1 creature vanquished.

Grand Total: 852 creatures vanquished

Notes
Turn   | Place    | Note
-------+----------+-------------------------------------------
     0 | D:1      | Bnni the Formicid Earth Elementalist began the quest for
                  | the Orb.
     0 | D:1      | Reached XP level 1. HP: 13/13 MP: 3/3
    88 | D:1      | Reached XP level 2. HP: 20/20 MP: 1/5
   328 | D:1      | Found a faded altar of an unknown god.
   383 | D:1      | Reached skill level 1 in Conjurations
   383 | D:1      | Reached skill level 4 in Earth Magic
   383 | D:1      | Reached XP level 3. HP: 20/25 MP: 4/6
   386 | D:1      | Learned a level 2 spell: Passwall
   390 | D:1      | Learned a level 3 spell: Stone Arrow
  1177 | D:2      | Identified the +5 spear of Betalus {protect, rF+ Int+3}
  1232 | D:2      | Reached XP level 4. HP: 31/31 MP: 7/7
  1259 | D:2      | Found Rywk's Antique Weapon Shop.
  1387 | D:2      | Noticed Sigmund
  1396 | D:2      | Killed Sigmund
  1397 | D:2      | Reached skill level 1 in Fighting
  1397 | D:2      | Reached skill level 1 in Armour
  1397 | D:2      | Reached XP level 5. HP: 28/37 MP: 1/9
  1397 | D:2      | Reached XP level 6. HP: 32/43 MP: 1/10
  1484 | D:2      | Noticed Jessica
  1491 | D:2      | Killed Jessica
  1492 | D:2      | Reached skill level 5 in Earth Magic
  1598 | D:2      | Noticed Robin
  1606 | D:2      | Killed Robin
  1742 | D:3      | Learned a level 4 spell: Petrify
  1837 | D:3      | Identified the +4 flail "Bnni's Doom" {freeze, *Slow Str+3
                  | Int+2}
  2273 | D:4      | Noticed an ogre
  2277 | D:4      | Killed an ogre
  2278 | D:4      | Reached XP level 7. HP: 50/50 MP: 11/11
  2364 | D:4      | Reached skill level 6 in Earth Magic
  2376 | D:4      | Noticed Eustachio
  2391 | D:4      | Killed Eustachio
  2567 | D:4      | Found a sand-covered staircase.
  2577 | Ossuary  | Entered an ossuary
  2599 | Ossuary  | Reached XP level 8. HP: 57/57 MP: 13/13
  2730 | Ossuary  | Reached skill level 7 in Earth Magic
  3251 | D:5      | Entered Level 5 of the Dungeon
  3421 | D:5      | Found a staircase to the Ecumenical Temple.
  3434 | Temple   | Entered the Ecumenical Temple
  3459 | Temple   | Became a worshipper of Cheibriados the Contemplative
  3641 | D:5      | Reached skill level 1 in Invocations
  3643 | D:5      | Reached skill level 8 in Earth Magic
  3643 | D:5      | Reached XP level 9. HP: 65/65 MP: 16/16
  3816 | D:6      | Identified the +5 leather armour of Marbles {*Corrode rPois
                  | rF+}
  4120 | D:6      | Reached * piety under Cheibriados
  4199 | D:6      | Reached skill level 5 in Spellcasting
  4846 | D:7      | Noticed Pikel
  4852 | D:7      | Killed Pikel
  4853 | D:7      | Reached skill level 9 in Earth Magic
  4979 | D:7      | Reached skill level 5 in Armour
  5004 | D:7      | Found a large runed translucent door.
  5007 | D:7      | Found a large runed translucent door.
  5033 | D:7      | Reached skill level 5 in Fighting
  5103 | D:7      | Found Gitreng's Magic Scroll Boutique.
  5142 | D:7      | Reached ** piety under Cheibriados
  5201 | D:7      | Reached skill level 5 in Invocations
  5201 | D:7      | Reached XP level 10. HP: 74/74 MP: 18/18
  5543 | D:7      | Found a sacrificial altar of Ru.
  5560 | D:7      | Found a glowing golden altar of the Shining One.
  5562 | D:7      | Reached skill level 1 in Shields
  5705 | D:8      | Reached skill level 10 in Earth Magic
  5798 | D:8      | Identified the +1 mace "Xom's Full Attention" {holy, rPois
                  | Will+ Int+7}
  5881 | D:8      | Found a transporter.
  6069 | D:8      | Found a white marble altar of Elyvilon.
  6184 | D:8      | Reached *** piety under Cheibriados
  6717 | D:9      | Found Hinauc's Neck Hole.
  6831 | D:9      | Noticed a komodo dragon
  6840 | D:9      | Killed a komodo dragon
  6902 | D:9      | Reached XP level 11. HP: 81/81 MP: 20/20
  6932 | D:9      | You are sucked into a shaft and drop 3 floors!
  7000 | D:11     | Reached skill level 5 in Shields
  7035 | D:11     | Noticed a centaur warrior
  7039 | D:11     | Reached **** piety under Cheibriados
  7048 | D:11     | Killed a centaur warrior
  7049 | D:11     | Reached skill level 11 in Earth Magic
  7170 | D:10     | Entered Level 10 of the Dungeon
  7490 | D:10     | Reached ***** piety under Cheibriados
  7717 | D:9      | Found a staircase to the Lair.
  8407 | D:9      | Found a shimmering blue altar of Sif Muna.
  8407 | D:9      | Found an opulent altar of Gozag.
  8580 | D:7      | Bought a scroll of acquirement for 572 gold pieces
  8682 | D:10     | Acquired a staff of earth
  8753 | D:10     | Reached XP level 12. HP: 91/91 MP: 22/22
  8799 | D:10     | Found a staircase to the Orcish Mines.
  8810 | D:10     | Reached skill level 12 in Earth Magic
 10090 | D:12     | Noticed Maurice
 10095 | D:12     | Killed Maurice
 10192 | D:12     | Reached skill level 10 in Invocations
 10617 | D:12     | Noticed a sixfirhy
 10621 | D:12     | Noticed a sixfirhy
 11250 | D:12     | Learned a level 4 spell: Animate Armour
 11378 | Lair:1   | Entered Level 1 of the Lair of Beasts
 11463 | Lair:1   | Reached skill level 13 in Earth Magic
 12087 | Lair:2   | Reached XP level 13. HP: 58/98 MP: 24/24
 13107 | Lair:3   | Reached ****** piety under Cheibriados
 13255 | Lair:3   | Reached skill level 14 in Earth Magic
 13622 | Lair:3   | Found a hole to the Spider Nest.
 13933 | Lair:3   | Found a staircase to the Shoals.
 14291 | Lair:4   | Found a gate leading to a gauntlet.
 14297 | Gauntlet | Entered a Gauntlet
 14297 | Gauntlet | Found a transporter.
 14306 | Gauntlet | Found a transporter.
 14321 | Gauntlet | Found a runed translucent door.
 14324 | Gauntlet | Found a transporter.
 14326 | Gauntlet | Found a transporter.
 14349 | Gauntlet | Found a transporter.
 14359 | Gauntlet | Found a transporter.
 14362 | Gauntlet | Found a transporter.
 14366 | Gauntlet | Found a transporter.
 14391 | Gauntlet | Noticed a catoblepas
 14396 | Gauntlet | Found a transporter.
 14396 | Gauntlet | Found a transporter.
 14398 | Gauntlet | Found a runed translucent gate.
 14398 | Gauntlet | Found a runed translucent gate.
 14399 | Gauntlet | Found a runed translucent gate.
 14404 | Gauntlet | Found a transporter.
 14444 | Gauntlet | Found a transporter.
 14524 | Gauntlet | Identified the ring "Puemp" {rF+ EV+5 Str+2 Int+4}
 14559 | Gauntlet | Identified the amulet "Konell" {Faith Contam Regen+ Str+8
                  | Slay-4}
 14695 | Gauntlet | Identified the ring of the Lily {Fly rPois Will+ Dex-2}
 14695 | Gauntlet | Noticed a minotaur
 14702 | Gauntlet | Killed a minotaur
 14755 | Lair:4   | Noticed a seven-headed hydra
 14759 | Lair:4   | Killed a seven-headed hydra
 14859 | Lair:4   | Found a staircase to the Slime Pits.
 14868 | Lair:4   | Noticed a four-headed hydra
 14873 | Lair:4   | Killed a four-headed hydra
 14874 | Lair:4   | Reached XP level 14. HP: 102/108 MP: 18/26
 15008 | Lair:4   | Reached skill level 10 in Shields
 16066 | Lair:4   | Reached skill level 15 in Earth Magic
 16472 | Lair:5   | Entered Level 5 of the Lair of Beasts
 16853 | Lair:5   | Reached skill level 5 in Conjurations
 16860 | Lair:5   | Reached skill level 10 in Fighting
 16874 | Lair:5   | Reached skill level 10 in Armour
 16874 | Lair:5   | Reached XP level 15. HP: 54/115 MP: 16/28
 17099 | Lair:5   | Reached skill level 16 in Earth Magic
 18029 | Lair:5   | Found a burning altar of Makhleb.
 18043 | Lair:5   | Reached skill level 10 in Spellcasting
 18063 | Lair:5   | Found a gateway to Hell.
 18449 | Orc:1    | Entered Level 1 of the Orcish Mines
 18632 | Orc:2    | Entered Level 2 of the Orcish Mines
 18645 | Orc:2    | Noticed Snorg
 18650 | Orc:2    | Noticed an orc warlord
 18661 | Orc:1    | Killed Snorg
 18797 | Orc:2    | Noticed Nessos
 18801 | Orc:2    | Killed Nessos
 18810 | Orc:2    | Killed an orc warlord
 19148 | Orc:2    | Found a staircase to the Elven Halls.
 19363 | Orc:2    | Found Joiddet's Weapon Emporium.
 19363 | Orc:2    | Found Seydey's Assorted Antiques.
 19364 | Orc:2    | Found Necokes's Antique Weapon Shoppe.
 19368 | Orc:2    | Found Juah's Magic Scroll Shoppe.
 19372 | Orc:2    | Bought 3 scrolls labelled MAOPONGOAN for 66 gold pieces
 19376 | Orc:2    | Bought a scroll of identify for 44 gold pieces
 19377 | Orc:2    | Bought a scroll of enchant armour for 165 gold pieces
 20200 | Orc:1    | Found Bung's Antique Weapon Shop.
 21062 | D:13     | Noticed Urug
 21070 | D:13     | Killed Urug
 21071 | D:13     | Reached XP level 16. HP: 117/124 MP: 14/30
 21221 | D:13     | Reached skill level 17 in Earth Magic
 21772 | D:14     | Found a gate to the Vaults.
 22308 | D:14     | Identified the +2 pair of gloves of Truth {Rampage Str+2
                  | Slay+3}
 22623 | D:15     | Entered Level 15 of the Dungeon
 22982 | D:15     | Noticed a frost giant
 22987 | D:15     | Killed a frost giant
 23077 | D:15     | Found a staircase to the Depths.
 23303 | D:15     | Found Uboxkyux's Assorted Antiques.
 24093 | Spider:1 | Entered Level 1 of the Spider Nest
 24307 | Lair:3   | HP: 4/115 [ghost moth (11)]
 24585 | Spider:1 | Noticed Mlioglotl
 24592 | Spider:1 | Killed Mlioglotl
 24593 | Spider:1 | Reached skill level 18 in Earth Magic
 24672 | Spider:1 | Noticed Donald
 24683 | Spider:1 | Killed Donald
 24812 | Spider:1 | Reached XP level 17. HP: 121/129 MP: 26/32
 25006 | Spider:1 | Noticed Aizul
 25015 | Spider:1 | Killed Aizul
 25182 | Spider:1 | Identified Roxanne's Folio of Shaping
 25182 | Spider:1 | Noticed Roxanne
 25202 | Spider:1 | Killed Roxanne
 25211 | Spider:1 | Learned a level 5 spell: Irradiate
 26825 | Spider:2 | Identified the +9 sling of Uncertain Death {heavy, rN+
                  | Dex+6}
 27642 | Spider:3 | Noticed Nikola
 27655 | Spider:3 | Killed Nikola
 28633 | Spider:4 | Entered Level 4 of the Spider Nest
 29036 | Spider:4 | Reached skill level 10 in Conjurations
 29043 | Spider:4 | Noticed Arachne
 29050 | Spider:4 | Killed Arachne
 29491 | Spider:4 | Reached XP level 18. HP: 29/140 MP: 4/33
 29492 | Spider:4 | Slain by a demonic crawler

Illustrated notes

Levels and vault maps discovered:
D:1:      saegor_arrival_simple_b, layout_loops_ring,
          shapermc_ecumenical_altar_mp_urbaneastern, amethyst_killhole
D:2:      layout_rooms, serial_shops, shop, serial_bayou_lake_a, uniq_jessica,
          uniq_sigmund, uniq_robin
D:3:      layout_basic, st_stairs_2
D:4:      layout_basic, lightli_ossuary_entry_decrepit_ruins, uniq_eustachio
D:5:      layout_rooms, minmay_temple_entry_statues_pillars,
          minmay_misc_feat_alley, kennysheep_generic_room_10
D:6:      layout_loops_corners, due_unseen_surprise
D:7:      layout_basic, jmf_multi_god_temple2, serial_shops, shop, uniq_pikel
D:8:      layout_basic, nicolae_elyvilon_temple_path, grunt_ministairs_1,
          nicolae_diode_basic
D:9:      layout_cave_pods, amethyst_overflow_temple_binary,
          grunt_lair_entry_orc_guard_hut, nicolae_shop_sticking_my_neck_out
D:10:     layout_basic, minmay_orc_entry_guard_dogs
D:11:     cheibrodos_grave_circle, layout_cave_pools
D:12:     layout_stronghold, lightli_wizard_tower, uniq_maurice
D:13:     layout_roguey, uniq_urug
D:14:     layout_basic, david_vaults_2, st_stairs_5
D:15:     grunt_enter_depths_snipers, layout_cave_pools, serial_shops, shop,
          hangedman_cracks_in_the_wall
Temple:   nicolae_temple_bog_church
Lair:1:   layout_hall_layers, grunt_megastairs_3, lemuel_fruit_tree,
          serial_bayou_shore_b
Lair:2:   layout_regular_city
Lair:3:   layout_chaotic_city, minmay_shoals_entry_hut,
          hellmonk_spider_entry_life_and_decay, grunt_megastairs_1
Lair:4:   nzn_winding_woodlands_huge [nzn_winding_woodlands_5x15_sidewinder,
          nzn_winding_woodlands_5x15_zeroes,
          nzn_winding_woodlands_5x15_sawtooth,
          nzn_winding_woodlands_5x15_default,
          nzn_winding_woodlands_5x15_split_checker,
          nzn_winding_woodlands_5x15_lazy_stream,
          nzn_winding_woodlands_5x15_parted, nzn_winding_woodlands_5x15_default,
          nzn_winding_woodlands_5x15_garden,
          nzn_winding_woodlands_5x15_concentric,
          nzn_winding_woodlands_center_garden,
          nzn_winding_woodlands_center_pierced_h,
          nzn_winding_woodlands_15x15_boxy_spiral], layout_regular_city,
          minmay_slime_entry_eyes, gauntlet_entry_generic, forest_entry_grove
Lair:5:   evil_forest, layout_layer_cave, serial_bayou_shore_a
Spider:1: layout_chambers, uniq_donald, uniq_mlioglotl, uniq_aizul, uniq_roxanne
Spider:2: layout_spider_delve
Spider:3: layout_chambers, guppyfry_spider_mini_1, uniq_nikola
Spider:4: hellmonk_spider_rune_bug_friends, uniq_arachne, uniq_louise
Orc:1:    cheibrodos_orc_guarddog, layout_diamond_mine, basic_altar,
          serial_shops, nicolae_shop_advertising_works
          [nicolae_subvault_shop_adworks]
Orc:2:    st_orc_mages, layout_caves, uniq_snorg, uniq_nessos

Skill      XL: |  1  2  3  4  5  6  7  8  9 10 11 12 13 14 15 16 17 |
---------------+----------------------------------------------------+-----
Conjurations   | 1 2 3 5 7 9 10 | 10.2
Earth Magic    | 4 5 6 8 9 10 11 13 14 15 16 18 | 18.9
Transmutations | 2 3 4 |  4.9
Fighting       | 1 2 4 5 6 7 8 9 10 11 12 | 12.2
Armour         | 1 2 4 5 6 7 9 10 11 12 | 12.2
Spellcasting   | 3 4 5 6 7 8 9 10 11 | 11.7
Invocations    | 1 5 7 9 10 12 13 | 13.0
Shields        | 4 7 8 9 10 11 12 13 | 13.2
Dodging        | |  1.7
Stealth        | |  2.4

Action                     |  1- 3 |  4- 6 |  7- 9 | 10-12 | 13-15 | 16-18 || total
---------------------------+-------+-------+-------+-------+-------+-------++-------
  Melee: Unarmed           |     3 |       |       |       |       |       ||     3
         Rapier            |    26 |       |       |       |       |       ||    26
         Spear             |     6 |   109 |   224 |    26 |    12 |       ||   377
         Punch             |       |     1 |     4 |       |       |       ||     5
         Mace              |       |       |       |    12 |   279 |    75 ||   366
         Staff             |       |       |       |       |       |    60 ||    60
  Throw: Dart              |       |       |     1 |       |     7 |     3 ||    11
   Cast: Sandblast         |    28 |    16 |    90 |   381 |   342 |   343 ||  1200
         Passwall          |       |       |     2 |     1 |       |       ||     3
         Stone Arrow       |       |       |       |    36 |    95 |    91 ||   222
         Animate Armour    |       |       |       |     1 |    63 |    74 ||   138
         Irradiate         |       |       |       |       |       |     3 ||     3
         Petrify           |       |       |       |       |       |     1 ||     1
 Invoke: Slouch            |       |       |       |     2 |     4 |     7 ||    13
         Bend Time         |       |       |       |       |     1 |     1 ||     2
Ability: Dig               |       |       |       |     4 |     5 |     5 ||    14
  Evoke: Wand              |       |       |       |     2 |     4 |     3 ||     9
         Phial of floods   |       |       |       |       |       |     1 ||     1
    Use: Scroll            |       |       |    15 |     9 |     7 |     2 ||    33
         Potion            |       |       |       |     2 |     4 |     8 ||    14
   Stab: Sleeping          |     2 |     2 |     2 |     1 |       |       ||     7
         Distracted        |       |       |       |       |     2 |     3 ||     5
         Invisible         |       |       |       |       |       |     2 ||     2
 Armour: Robe              |     8 |       |       |       |       |       ||     8
         Ring mail         |     4 |    42 |     7 |       |       |       ||    53
         Leather armour    |       |       |   154 |   123 |       |       ||   277
         Plate armour      |       |       |       |    21 |   399 |   340 ||   760
  Dodge: Dodged            |    22 |    50 |   206 |   166 |   409 |   438 ||  1291
  Block: Buckler           |       |       |       |    37 |       |       ||    37
         Kite shield       |       |       |       |   223 |   667 |   568 ||  1458
